TOP OF THE 1ST |
Trois-Riveres Aigles batting - Pitching for Windy City ThunderBolts : LHP Marty de la Rosa
|
Pitching: LHP Marty de la Rosa
|
|
Batting: LHB Jonathan Spino
|
0-0: Ball 1-0: Ball 2-0: Foul Ball, location: 2F 2-1: Ball 3-1: Foul Ball, location: 2F 3-2: Foul Ball, location: 2F 3-2: Fly out, F8 (Flyball, 8LS, EV 91.9 MPH)
|
Batting: LHB Harris Vink
|
0-0: Ball 1-0: Ground out 4-3 (Groundball, 4, EV 105.0 MPH)
|
Batting: LHB Darryl Gonnella
|
0-0: SINGLE (Groundball, 4D, EV 105.0 MPH)
|
Batting: RHB Sesto Carpini
|
0-0: Ball 1-0: Foul Ball, location: 2F 1-1: Ball Darryl Gonnella steals 2nd base 2-1: Ball 3-1: Foul Ball, location: 2F 3-2: Foul Ball, location: 2F 3-2: Foul Ball, location: 2F 3-2: Base on Balls
|
Batting: RHB Jose Arriola
|
0-0: Ball 1-0: Ball 2-0: Fly out, F8 (Flyball, 8RM, EV 91.3 MPH)
|
Top of the 1st over - 0 runs, 1 hit, 0 errors, 2 left on base; Trois-Riveres 0 - Windy City 0 |
BOTTOM OF THE 1ST |
Windy City ThunderBolts batting - Pitching for Trois-Riveres Aigles : RHP Julian Black
|
Pitching: RHP Julian Black
|
|
Batting: LHB Adam Tarbutton
|
0-0: Ball 1-0: Foul Ball, location: 2F 1-1: Swinging Strike 1-2: Strikes out swinging
|
Batting: LHB Matt Hyde
|
0-0: Called Strike 0-1: Ball 1-1: Foul Ball, location: 2F 1-2: Strikes out looking
|
Batting: LHB Larry Myers
|
0-0: Called Strike 0-1: Called Strike 0-2: Ball 1-2: Foul Ball, location: 2F 1-2: Fly out, F9 (Line Drive, 9, EV 88.8 MPH)
|
Bottom of the 1st over - 0 runs, 0 hits, 0 errors, 0 left on base; Trois-Riveres 0 - Windy City 0 |
TOP OF THE 2ND |
Trois-Riveres Aigles batting - Pitching for Windy City ThunderBolts : LHP Marty de la Rosa
|
Batting: SHB Joshua Jackson
|
0-0: Foul Ball, location: 2F 0-1: Fly out, F9 (Flyball, 9LD, EV 104.4 MPH)
|
Batting: RHB Nelle Lommen
|
0-0: Foul Ball, location: 2F 0-1: Fly out, F3 (Popup, 3F, EV 84.4 MPH)
|
Batting: RHB Dave Galloway
|
0-0: Fly out, F9 (Flyball, 9S, EV 87.5 MPH)
|
Top of the 2nd over - 0 runs, 0 hits, 0 errors, 0 left on base; Trois-Riveres 0 - Windy City 0 |
BOTTOM OF THE 2ND |
Windy City ThunderBolts batting - Pitching for Trois-Riveres Aigles : RHP Julian Black
|
Batting: LHB Justin Stickney
|
0-0: SINGLE (Groundball, 4M, EV 109.4 MPH)
|
Batting: RHB Mike Rosa
|
0-0: Ball 1-0: Called Strike 1-1: Ground out 6-3 (Groundball, P, EV 81.9 MPH) Justin Stickney to second
|
Batting: LHB Herkko Haavikko
|
0-0: Swinging Strike 0-1: Called Strike 0-2: Fly out, F7 (Flyball, 78S, EV 76.3 MPH)
|
Batting: RHB Josiah Wright
|
0-0: Ball 1-0: Swinging Strike 1-1: Ball 2-1: Called Strike 2-2: Fly out, F9 (Line Drive, 89S, EV 103.8 MPH)
|
Bottom of the 2nd over - 0 runs, 1 hit, 0 errors, 1 left on base; Trois-Riveres 0 - Windy City 0 |
TOP OF THE 3RD |
Trois-Riveres Aigles batting - Pitching for Windy City ThunderBolts : LHP Marty de la Rosa
|
Batting: RHB Josh Harmon
|
0-0: Ball 1-0: Ball 2-0: Called Strike 2-1: Swinging Strike 2-2: Foul Ball, location: 2F 2-2: Ball 3-2: Strikes out swinging
|
Batting: LHB Jonathan Spino
|
0-0: Ball 1-0: Foul Ball, location: 2F 1-1: Ball 2-1: Ball 3-1: Swinging Strike 3-2: Foul Ball, location: 2F 3-2: Ground out U3 (Groundball, 3S, EV 90.0 MPH)
|
Batting: LHB Harris Vink
|
0-0: Ball 1-0: Swinging Strike 1-1: Foul Ball, location: 2F 1-2: Ball 2-2: Ball 3-2: Foul Ball, location: 2F 3-2: Foul Ball, location: 2F 3-2: Fly out, F4 (Line Drive, 4, EV 73.8 MPH)
|
Top of the 3rd over - 0 runs, 0 hits, 0 errors, 0 left on base; Trois-Riveres 0 - Windy City 0 |
BOTTOM OF THE 3RD |
Windy City ThunderBolts batting - Pitching for Trois-Riveres Aigles : RHP Julian Black
|
Batting: LHB Evan Oliveri
|
0-0: Called Strike 0-1: Ground out 1-3 (Groundball, 13S, EV 75.0 MPH)
|
Batting: LHB Eddie Reyes
|
0-0: Swinging Strike 0-1: Swinging Strike 0-2: Strikes out looking
|
Batting: LHB Adam Tarbutton
|
0-0: Foul Ball, location: 2F 0-1: Ball 1-1: Ball 2-1: Ball 3-1: Base on Balls
|
Batting: LHB Matt Hyde
|
0-0: Ball 1-0: Called Strike 1-1: Called Strike 1-2: Strikes out swinging
|
Bottom of the 3rd over - 0 runs, 0 hits, 0 errors, 1 left on base; Trois-Riveres 0 - Windy City 0 |
TOP OF THE 4TH |
Trois-Riveres Aigles batting - Pitching for Windy City ThunderBolts : LHP Marty de la Rosa
|
Batting: LHB Darryl Gonnella
|
0-0: Called Strike 0-1: SINGLE (Line Drive, 8LS, EV 104.4 MPH)
|
Batting: RHB Sesto Carpini
|
0-0: Called Strike Darryl Gonnella is caught stealing 2nd base 2-4 0-1: Ball 1-1: SINGLE (Groundball, 56S, EV 70.6 MPH) (infield hit)
|
Batting: RHB Jose Arriola
|
0-0: Ball 1-0: Ball 2-0: Called Strike 2-1: Grounds into double play, 6-4-3 (Groundball, 6MS, EV 84.4 MPH)
|
Top of the 4th over - 0 runs, 2 hits, 0 errors, 0 left on base; Trois-Riveres 0 - Windy City 0 |
BOTTOM OF THE 4TH |
Windy City ThunderBolts batting - Pitching for Trois-Riveres Aigles : RHP Julian Black
|
Batting: LHB Larry Myers
|
0-0: DOUBLE (Line Drive, 8LXD, EV 105.0 MPH)
|
Batting: LHB Justin Stickney
|
0-0: Foul Ball, location: 2F 0-1: Ball 1-1: Foul Ball, location: 2F 1-2: Ball 2-2: SINGLE (Flyball, 34D, EV 86.9 MPH) Larry Myers to third
|
Batting: RHB Mike Rosa
|
0-0: Called Strike 0-1: Ball 1-1: Ball 2-1: Foul Ball, location: 2F 2-2: Ball 3-2: Fly out, F7 (Flyball, 7LM, EV 76.3 MPH) Runner from 3rd tags up, OUT at HOME! 7-2 Justin Stickney to second
|
Batting: LHB Herkko Haavikko
|
0-0: Ball 1-0: Ball 2-0: Foul Ball, location: 2F 2-1: Foul Ball, location: 2F 2-2: Strikes out looking
|
Bottom of the 4th over - 0 runs, 2 hits, 0 errors, 1 left on base; Trois-Riveres 0 - Windy City 0 |
TOP OF THE 5TH |
Trois-Riveres Aigles batting - Pitching for Windy City ThunderBolts : LHP Marty de la Rosa
|
Batting: SHB Joshua Jackson
|
0-0: Called Strike 0-1: Ball 1-1: Foul Ball, location: 2F 1-2: Fly out, F8 (Line Drive, 8LM, EV 93.1 MPH)
|
Batting: RHB Nelle Lommen
|
0-0: Called Strike 0-1: Fly out, F8 (Line Drive, 8LD, EV 98.1 MPH)
|
Batting: RHB Dave Galloway
|
0-0: Ball 1-0: Foul Ball, location: 2F 1-1: Fly out, F7 (Line Drive, 7, EV 83.8 MPH)
|
Top of the 5th over - 0 runs, 0 hits, 0 errors, 0 left on base; Trois-Riveres 0 - Windy City 0 |
BOTTOM OF THE 5TH |
Windy City ThunderBolts batting - Pitching for Trois-Riveres Aigles : RHP Julian Black
|
Batting: RHB Josiah Wright
|
0-0: Swinging Strike 0-1: Ball 1-1: Swinging Strike 1-2: Strikes out swinging
|
Batting: LHB Evan Oliveri
|
0-0: Ball 1-0: Ball 2-0: Ground out 4-3 (Groundball, 13, EV 90.6 MPH)
|
Batting: LHB Eddie Reyes
|
0-0: Ball 1-0: Called Strike 1-1: Ball 2-1: Foul Ball, location: 2F 2-2: Ball 3-2: Strikes out swinging
|
Bottom of the 5th over - 0 runs, 0 hits, 0 errors, 0 left on base; Trois-Riveres 0 - Windy City 0 |
TOP OF THE 6TH |
Trois-Riveres Aigles batting - Pitching for Windy City ThunderBolts : LHP Marty de la Rosa
|
Batting: RHB Josh Harmon
|
0-0: SINGLE (Line Drive, 78S, EV 111.3 MPH)
|
Batting: LHB Jonathan Spino
|
0-0: Called Strike 0-1: Hit by Pitch Josh Harmon to second
|
Batting: LHB Harris Vink
|
0-0: Ball 1-0: Called Strike 1-1: Swinging Strike 1-2: Ball 2-2: Strikes out swinging
|
Batting: LHB Darryl Gonnella
|
0-0: Called Strike 0-1: Fly out, F8 (Flyball, 8LXD, EV 99.4 MPH) Runner from 2nd tags up, SAFE at 3rd, no throw by CF
|
Batting: RHB Sesto Carpini
|
0-0: Ball 1-0: Ball 2-0: Called Strike 2-1: 3-RUN HOME RUN (Flyball, 7LD, EV 95.6 MPH), Distance : 336 ft
|
Batting: RHB Jose Arriola
|
0-0: Foul Ball, location: 2F 0-1: Ball 1-1: Swinging Strike 1-2: Ball 2-2: Ball 3-2: Fly out, F7 (Flyball, 7LS, EV 90.6 MPH)
|
Top of the 6th over - 3 runs, 2 hits, 0 errors, 0 left on base; Trois-Riveres 3 - Windy City 0 |
BOTTOM OF THE 6TH |
Windy City ThunderBolts batting - Pitching for Trois-Riveres Aigles : RHP Julian Black
|
Batting: LHB Adam Tarbutton
|
0-0: Ball 1-0: Foul Ball, location: 2F 1-1: Ball 2-1: Fly out, F3 (Line Drive, 3, EV 65.6 MPH)
|
Batting: LHB Matt Hyde
|
0-0: Called Strike 0-1: Ball 1-1: SINGLE (Line Drive, 4M, EV 99.4 MPH)
|
Batting: LHB Larry Myers
|
0-0: 2-RUN HOME RUN (Flyball, 78XD, EV 110.6 MPH), Distance : 423 ft
|
Batting: LHB Justin Stickney
|
0-0: Ball 1-0: Called Strike 1-1: Called Strike 1-2: Foul Ball, location: 2F 1-2: Strikes out swinging
|
Batting: RHB Mike Rosa
|
0-0: Swinging Strike 0-1: Ground out 4-3 (Groundball, 34, EV 82.5 MPH)
|
Bottom of the 6th over - 2 runs, 2 hits, 0 errors, 0 left on base; Trois-Riveres 3 - Windy City 2 |
TOP OF THE 7TH |
Trois-Riveres Aigles batting - Pitching for Windy City ThunderBolts : LHP Marty de la Rosa
|
Batting: SHB Joshua Jackson
|
0-0: Ball 1-0: Called Strike 1-1: Fly out, F7 (Flyball, 7, EV 80.0 MPH)
|
Batting: RHB Nelle Lommen
|
0-0: Ball 1-0: Ground out 6-3 (Groundball, 6, EV 90.0 MPH)
|
Batting: RHB Dave Galloway
|
0-0: SINGLE (Groundball, 56D, EV 104.4 MPH)
|
Batting: RHB Josh Harmon
|
0-0: Swinging Strike 0-1: Ball Wild Pitch! Dave Galloway to second 1-1: Swinging Strike 1-2: Strikes out swinging
|
Top of the 7th over - 0 runs, 1 hit, 0 errors, 1 left on base; Trois-Riveres 3 - Windy City 2 |
BOTTOM OF THE 7TH |
Windy City ThunderBolts batting - Pitching for Trois-Riveres Aigles : RHP Julian Black
|
Batting: LHB Herkko Haavikko
|
0-0: Called Strike 0-1: Ground out U3 (Groundball, 3, EV 102.5 MPH)
|
Batting: RHB Josiah Wright
|
0-0: Called Strike 0-1: Foul Ball, location: 2F 0-2: Foul Ball, location: 2F 0-2: Ground out U3 (Groundball, 3, EV 105.6 MPH)
|
Batting: LHB Evan Oliveri
|
0-0: Ball 1-0: Ball 2-0: Ball 3-0: Foul Ball, location: 2F 3-1: Swinging Strike 3-2: Foul Ball, location: 2F 3-2: Strikes out swinging
|
Bottom of the 7th over - 0 runs, 0 hits, 0 errors, 0 left on base; Trois-Riveres 3 - Windy City 2 |
TOP OF THE 8TH |
Trois-Riveres Aigles batting - Pitching for Windy City ThunderBolts : LHP Marty de la Rosa
|
Batting: LHB Jonathan Spino
|
0-0: Ball 1-0: Ball 2-0: Ball 3-0: Called Strike 3-1: Ground out 4-3 (Groundball, 4M, EV 95.0 MPH)
|
Batting: LHB Harris Vink
|
0-0: Fly out, F9 (Flyball, 9, EV 83.8 MPH)
|
Batting: LHB Darryl Gonnella
|
0-0: Ground out 5-3 (Groundball, 56S, EV 83.8 MPH)
|
Top of the 8th over - 0 runs, 0 hits, 0 errors, 0 left on base; Trois-Riveres 3 - Windy City 2 |
BOTTOM OF THE 8TH |
Windy City ThunderBolts batting - Pitching for Trois-Riveres Aigles : RHP Julian Black
|
Batting: LHB Eddie Reyes
|
0-0: Called Strike 0-1: Ball 1-1: Called Strike 1-2: Strikes out swinging, 2-3 out at first.
|
Batting: LHB Adam Tarbutton
|
0-0: SINGLE (Groundball, 25, EV 63.8 MPH) (infield hit)
|
Batting: LHB Matt Hyde
|
0-0: Fielders Choice at 2nd, 1-6 (Groundball, 34S, EV 69.4 MPH)
|
Batting: LHB Larry Myers
|
0-0: Ball 1-0: Foul Ball, location: 2F 1-1: Fielders Choice at 2nd, U4 (Groundball, 4M, EV 81.9 MPH)
|
Bottom of the 8th over - 0 runs, 1 hit, 0 errors, 1 left on base; Trois-Riveres 3 - Windy City 2 |
TOP OF THE 9TH |
Trois-Riveres Aigles batting - Pitching for Windy City ThunderBolts : LHP Marty de la Rosa
|
Pitching: RHP Caleb Westbay
|
|
Batting: RHB Sesto Carpini
|
0-0: Called Strike 0-1: Called Strike 0-2: SINGLE (Line Drive, 8LS, EV 95.6 MPH)
|
Batting: RHB Jose Arriola
|
0-0: Ball 1-0: Foul Ball, location: 2F 1-1: Fly out, F8 (Flyball, 8RD, EV 88.8 MPH)
|
Batting: SHB Joshua Jackson
|
0-0: Ball 1-0: Ball 2-0: Called Strike 2-1: Foul Ball, location: 2F 2-2: Foul Ball, location: 2F 2-2: Foul Ball, location: 2F 2-2: Ball 3-2: Base on Balls Sesto Carpini to second
|
Batting: RHB Nelle Lommen
|
0-0: Ball 1-0: Fly out, F7 (Flyball, 7LM, EV 100.6 MPH)
|
Pinch Hitting: SHB Ray Luna
|
0-0: Ball 1-0: Ball 2-0: Ball 3-0: Called Strike 3-1: 3-RUN HOME RUN (Flyball, 89XD, EV 97.5 MPH), Distance : 406 ft
|
Batting: LHB Dave Northam
|
0-0: Foul Ball, location: 2F 0-1: Ball 1-1: Foul Ball, location: 2F 1-2: Ground out 6-3 (Groundball, 6, EV 103.1 MPH)
|
Top of the 9th over - 3 runs, 2 hits, 0 errors, 0 left on base; Trois-Riveres 6 - Windy City 2 |
BOTTOM OF THE 9TH |
Windy City ThunderBolts batting - Pitching for Trois-Riveres Aigles : RHP Julian Black
|
Now at 3B: Dave Reynoso
|
|
Batting: LHB Justin Stickney
|
0-0: Ground out U3 (Groundball, 34S, EV 81.3 MPH)
|
Batting: RHB Mike Rosa
|
0-0: Ball 1-0: Ball 2-0: Foul Ball, location: 2F 2-1: Ball 3-1: Fly out, F7 (Flyball, 78M, EV 88.8 MPH)
|
Batting: LHB Herkko Haavikko
|
0-0: Called Strike 0-1: SINGLE (Groundball, 4MD, EV 98.8 MPH)
|
Pitching: LHP Tim Pulliam
|
|
Batting: RHB Josiah Wright
|
0-0: Ball 1-0: Swinging Strike 1-1: Foul Ball, location: 2F 1-2: Ball 2-2: Foul Ball, location: 2F 2-2: SINGLE (Groundball, 6S, EV 71.9 MPH) (infield hit) Herkko Haavikko to second
|
Pitching: RHP Josh O'Neal
|
|
Batting: LHB Evan Oliveri
|
0-0: Ball 1-0: Called Strike 1-1: Foul Ball, location: 2F 1-2: Foul Ball, location: 2F 1-2: Ball 2-2: Foul Ball, location: 2F 2-2: Ball 3-2: Base on Balls Herkko Haavikko to third Josiah Wright to second
|
Batting: LHB Eddie Reyes
|
0-0: Ball 1-0: Ball 2-0: Called Strike 2-1: Called Strike 2-2: Ball 3-2: Strikes out swinging
|
Bottom of the 9th over - 0 runs, 2 hits, 0 errors, 3 left on base; Trois-Riveres 6 - Windy City 2 |
|